AoeStats
← Lliret

Hideout

508662476Analyzed
1v1 RM · 24d ago on Sep 23, 2026· 21m 25s· 2 players
Game mode
Random Map
Map size
Tiny (2 player)
Population
200
Speed
Normal
Resources
Standard
Victory
Conquest
Starting age
Dark Age
Ending age
Imperial Age
RankedLock teamsTeams togetherTeam positionsShared explorationLock speedFull tech treeHidden civsTurbo modeCheats
Victory
Defeat
🇦🇷 Muisca · Argentina
1074
+17
vs
🇪🇸 Tatars · Spain
1096
-17
Popeye
10:47 Feudal Age
14:33 Castle Age
14:23 Double-Bit Axe
14:19 Horse Collar
14:44 Loom
15:55 Gold Mining
16:15 Heavy Plow
Lliret
4:48 Loom
11:03 Feudal Age
11:49 Town Watch
15:35 Castle Age
13:47 Double-Bit Axe
15:30 Forging
19:43 Loom
Connection lost

Rejoining the realm…

Still unreachable

The connection could not be restored.

Session expired

The server has moved on; the page needs a fresh start.